 Dungeon Crawl Stone Soup version 0.29-a0-322-g68df515428 (webtiles) character file.

Game seed: 7640610499654973833

110 GigaChad the Slasher (level 4, 0/44 HPs)
             Began as a Draconian Chaos Knight on Apr 7, 2022.
             Was a Plaything of Xom.
             Slain by Terence
             ... wielding a +0 short sword of electrocution
              (1 damage)
             ... on level 3 of the Dungeon.
             The game lasted 00:10:06 (2105 turns).

GigaChad the Slasher (Draconian Chaos Knight)       Turns: 2105, Time: 00:10:07

Health: 0/44       AC:  5    Str: 14    XL:     4   Next: 61%
Magic:  4/4        EV: 12    Int: 13    God:    Xom [...*..]
Gold:   90         SH:  0    Dex: 12    Spells: 3/3 levels left

rFire   + + .      SeeInvis .   a - +0 falchion (chaos)
rCold   . . .      Faith    .   (no shield)
rNeg    . . .      Spirit   .   (body armour unavailable)
rPois   .          Reflect  .   (helmet restricted)
rElec   .          Harm     .   (no cloak)
rCorr   .          Rampage  .   (no gloves)
Will    .....                   (no boots)
Stlth   +.........              k - amulet of magic regeneration
HPRegen 0.14/turn               (no ring)
MPRegen 0.49/turn               (no ring)

@: no status effects
A: AC +5, unfitting armour, cold-blooded, talons 1, fire resistance 2, robust 1
a: Renounce Religion


You were on level 3 of the Dungeon.
You worshipped Xom.
You were a favourite toy of Xom.
You visited 1 branch of the dungeon, and saw 3 of its levels.

You collected 90 gold pieces.

Inventory:

Hand Weapons
 a - a +0 falchion of chaos (weapon)
Jewellery
 h - an amulet of guardian spirit
 k - an amulet of magic regeneration (around neck)
Scrolls
 c - 3 scrolls of identify
 d - a scroll of teleportation
 e - a scroll of enchant weapon {unknown}
Potions
 f - 2 potions of berserk rage {unknown}
 g - a potion of attraction {unknown}
 i - a potion of degeneration {unknown}
 j - a potion of lignification
Miscellaneous
 b - a piece from Xom's chessboard (15/15) (quivered)


   Skills:
 + Level 4.0 Fighting
 + Level 4.3 Long Blades
 + Level 3.0 Dodging
 + Level 0.2 Stealth


You had 3 spell levels left.
You didn't know any spells.
Your spell library contained the following spells:

 Spells                   Type           Power      Damage    Failure   Level
 Blink                    Tloc           0%         N/A       43%         2
 Frozen Ramparts          Ice            0%         1d2       67%         3
 Ice Form                 Ice/Tmut       0%         N/A       97%         4
 Summon Ice Beast         Ice/Summ       0%         N/A       97%         4
 Manifold Assault         Tloc           0%         N/A       100%        5
 Storm Form               Tmut/Air       0%         N/A       100%        7


Dungeon Overview and Level Annotations

Branches:
Dungeon (3/15)

Altars:
Xom

Annotations:
D:3 Terence


Innate Abilities, Weirdness & Mutations

Your plain brown scales are hard. (AC +5)
You cannot fit into any form of body armour.
You are cold-blooded and may be slowed by cold attacks.
You have sharp toenails.
Your flesh is very heat resistant. (rF++)
You are robust. (+10% HP)


Message History

You closely miss Terence.
You tail-slap Terence, but do no damage.
Terence is lightly wounded.
Terence hits you with a +0 short sword of electrocution.
You are electrocuted!
You hit Terence but do no damage. You claw Terence, but do no damage.
Terence is lightly wounded.
Terence hits you with a +0 short sword of electrocution.
You hit Terence.
Terence suddenly seems more agile.
Xom is highly amused!
Terence is lightly wounded.
Terence hits you with a +0 short sword of electrocution.
You hit Terence.
Terence seems to speed up.
Xom thinks this is hilarious!
Terence is moderately wounded.
Terence barely misses you.
Terence hits you with a +0 short sword of electrocution.
You closely miss Terence.
Terence is moderately wounded.
Terence closely misses you.
You completely miss Terence.
Terence is moderately wounded.
Terence closely misses you.
Terence hits you with a +0 short sword of electrocution!
* * * LOW HITPOINT WARNING * * *
You closely miss Terence. You claw Terence, but do no damage.
Terence is moderately wounded.
Terence hits you with a +0 short sword of electrocution.
* * * LOW HITPOINT WARNING * * *
You closely miss Terence.
Terence is moderately wounded.
Terence hits you with a +0 short sword of electrocution.
* * * LOW HITPOINT WARNING * * *
Terence closely misses you.
You hit Terence but do no damage. You claw Terence.
You tail-slap Terence, but do no damage.
Terence is heavily wounded.
Terence misses you.
Terence hits you with a +0 short sword of electrocution.
You die...

#.# #.# ..# ##.## ...###
####### # #.... ......#
#.##.##..# .. g ### #.#
#.....@@.###...#
..###.#######............
#)...†......#####.##.#...
#..##.####........# #
#.....# #..####........#
# ..#####
#..####.####...# # ###
#....##.# #...# #
#.##.##.# #...# #
#.......# #...####### #


You could see Terence (fast, agile).

Vanquished Creatures
  An orc priest (D:3)
  4 adders
  2 worms (D:3)
  3 dart slugs
  2 orcs (D:3)
  3 endoplasms
  A giant cockroach (D:3)
  3 goblins
  3 hobgoblins (D:1)
  2 quokkas (D:3)
  A ball python (D:1)
  4 bats
  A frilled lizard (D:2)
  2 kobolds (D:3)
  5 rats
37 creatures vanquished.

Notes
Turn   | Place    | Note
-------+----------+-------------------------------------------
     0 | D:1      | GigaChad the Draconian Chaos Knight began the quest for the
                  | Orb.
     0 | D:1      | Reached XP level 1. HP: 19/19 MP: 1/1
     7 | D:1      | XOM: potion effect (haste)
   114 | D:1      | XOM: silly message
   212 | D:1      | Found a faded altar of an unknown god.
   273 | D:1      | Reached XP level 2. HP: 19/26 MP: 2/2
   518 | D:2      | XOM: silly message
   694 | D:2      | XOM: silly message
   768 | D:2      | Reached XP level 3. HP: 22/33 MP: 3/3
  1190 | D:3      | XOM: scenery: create altars
  1192 | D:3      | XOM: cast spell 'Olgreb's Toxic Radiance'
  1246 | D:3      | Reached XP level 4. HP: 7/40 MP: 4/4
  1380 | D:3      | XOM: give mutations
  1380 | D:3      | Gained mutation: Your flesh is heat resistant. (rF+) [Xom's
                  | grace]
  1380 | D:3      | Gained mutation: Your flesh is very heat resistant. (rF++)
                  | [Xom's grace]
  1380 | D:3      | Gained mutation: You are robust. (+10% HP) [Xom's grace]
  1380 | D:3      | Gained mutation: You have sharp toenails. [Xom's grace]
  1687 | D:3      | HP: 1/44 [orc/+0 short sword (3)]
  1760 | D:3      | XOM: god gift: 10 gold pieces
  1984 | D:3      | XOM: god gift: book of Rime
  2088 | D:3      | Noticed Terence
  2093 | D:3      | XOM: divination: detect creatures
  2104 | D:3      | HP: 1/44 [Terence/+0 short sword of electrocution (3)]
  2105 | D:3      | Slain by Terence

Illustrated notes

Levels and vault maps discovered:
D:1:      minmay_arrival_five_plusses, layout_rooms,
          ebering_ecumenical_altar_rust
D:2:      layout_loops_ring
D:3:      layout_loops_cross, pf_guarded_unrand_meek, uniq_terence

Skill      XL: |  1  2  3  4 |
---------------+-------------+-----
Long Blades    | 4 |  4.3
Fighting       | 4 |  4.0
Dodging        | 3 |  3.0
Stealth        | |  0.2

Action                   |  1- 3 |  4- 6 || total
-------------------------+-------+-------++-------
Melee: Falchion          |    92 |    38 ||   130
       Tailslap          |     9 |     6 ||    15
       Kick              |       |     9 ||     9
       Punch             |       |     1 ||     1
  Use: Scroll            |     5 |       ||     5
Armor: Skin              |    48 |    10 ||    58
Dodge: Dodged            |    74 |    39 ||   113

Table legend: (Time is in decaauts)
 A = Elapsed time spent in this place.
 B = Non-inter-level travel time spent in this place.
 C = Inter-level travel time spent in this place.
 D = Time resting spent in this place.
 E = Time spent auto-exploring this place.
 F = Levels seen in this place.
 G = Mean time per level.
                   A        B        C        D        E       F      G
               +--------+--------+--------+--------+--------+-----+--------+
         Total |   2102 |   2091 |     11 |    742 |    289 |   3 |  700.7 |
       Dungeon |   2102 |   2091 |     11 |    742 |    289 |   3 |  700.7 |
               +--------+--------+--------+--------+--------+-----+--------+

Top non-repeatable levels by time:
     D:3: 1015 daAuts
     D:2: 745 daAuts
     D:1: 342 daAuts
